 Dungeon Crawl Stone Soup version 0.30-a0-1074-g5db6f66fbb (webtiles) character file.

Game seed: 11471507024098940497

84 jimonade the Magician (level 4, -3/33 HPs)
             Began as a Djinni Warper on Apr 13, 2023.
             Killed from afar by an orc wizard (6 damage)
             ... with a magic dart
             ... on level 3 of the Dungeon.
             The game lasted 00:03:20 (1987 turns).

jimonade the Magician (Djinni Warper)               Turns: 1987, Time: 00:03:21

Health: -3/33      AC:  4    Str: 10    XL:     4   Next: 72%
Gold:   81         EV: 12    Int: 15    God:
                   SH:  0    Dex: 14

rFire   + + .      SeeInvis .    a - +6 club
rCold   x . .      Faith    .    (no shield)
rNeg    . . .      Spirit   .    b - +0 leather armour
rPois   ∞          Reflect  .    (no helmet)
rElec   .          Rampage  .    (no cloak)
rCorr   .                        o - +0 pair of gloves
Will    .....                    (boots unavailable)
Stlth   +                        j - amulet of the acrobat
HPRegen 0.25/turn                (no ring)
MPRegen 0.00/turn                (no ring)

@: flying
A: sickness immunity, fire resistance 2, cold vulnerability 1, float, innate
caster, HP casting, extra vitality 1
a: no special abilities


You were on level 3 of the Dungeon.
You visited 1 branch of the dungeon, and saw 3 of its levels.

You collected 81 gold pieces.

Inventory:

Hand Weapons
 a - a +6 club (weapon)
 n - a +0 short sword
 t - a +0 sling
Missiles
 d - 7 boomerangs of dispersal
 q - 4 poisoned darts
Armour
 b - a +0 leather armour (worn)
 m - a +0 chain mail
 o - a +0 pair of gloves (worn)
Magical Staves
 i - a staff of air
Jewellery
 j - an amulet of the acrobat (around neck)
Scrolls
 c - 2 scrolls of blinking
 e - 4 scrolls of vulnerability {unknown}
 f - a scroll of identify {unknown}
 g - a scroll of enchant armour {unknown}
 h - a scroll of noise {unknown}
 l - a scroll of poison {unknown}
 r - 2 scrolls of fog {unknown}
 u - a scroll of immolation {unknown}
Potions
 k - a potion of might {unknown}
 p - a potion of lignification {unknown}
 s - a potion of degeneration {unknown}


   Skills:
 + Level 2.3 Fighting
 + Level 2.3 Short Blades
 + Level 0.7 Throwing
 + Level 1.7 Armour
 + Level 2.5 Dodging
 * Level 3.2 Spellcasting


You knew the following spells:

 Your Spells              Type           Power      Damage    Failure   Level
a - Blink                 Tloc           24%        N/A       11%         2
b - Lesser Beckoning      Tloc           24%        N/A       11%         2
c - Vhi's Electric Charg  Tloc/Air       24%        N/A       21%         3
d - Teleport Other        Tloc           12%        N/A       21%         3
e - Manifold Assault      Tloc           12%        N/A       56%         4
f - Magic Dart            Conj           48%        1d5       7%          1
Your spell library was empty.

Dungeon Overview and Level Annotations

Branches:
Dungeon (3/15)

Altars:


Innate Abilities, Weirdness & Mutations

You are immune to sickness and miasma.
You are immune to poison.
Your flesh is very heat resistant. (rF++)
You are vulnerable to cold. (rC-)
You float through the air rather than walking.
You learn spells naturally, not from books.
Your magical power is your life essence.
You have superior vitality. (+4 MHP)


Message History

The orc closely misses you.
The orc shouts!
The orc barely misses you. x2; The orc wizard closely misses you.
You see here a +0 flail.
You hit the orc.
The orc is heavily wounded.
The orc closely misses you. The orc wizard barely misses you.
The orc hits you with a +0 trident. The orc hits you with a +0 hand axe.
The orc closely misses you.
The orc wizard hits you but does no damage.
The orc barely misses you.
You hit the orc.
The orc is severely wounded.
The orc hits you but does no damage.
The orc hits you with a +0 morningstar of draining!
The orc barely misses you.
The orc wizard gestures at you while chanting.
The magic dart hits you.
* * * LOW HITPOINT WARNING * * *
You barely miss the orc.
The orc is severely wounded.
The orc hits you with a +0 trident.
* * * LOW HITPOINT WARNING * * *
The orc misses you. The orc hits you with a +0 hand axe.
* * * LOW HITPOINT WARNING * * *
The orc wizard hits you but does no damage.
You miss the orc wizard. The orc barely misses you. The orc misses you.
The orc wizard barely misses you. The orc barely misses you.
The orc hits you with a +0 hand axe.
* * * LOW HITPOINT WARNING * * *
The orc hits you with a +0 trident.
* * * LOW HITPOINT WARNING * * *
The orc wizard gestures at you while chanting.
You resist with some effort. The orc barely misses you.
You hit the orc.
You kill the orc!
The orc misses you.
The orc wizard gestures at you while chanting.
The magic dart hits you.
You die...

#########.#
#.......#.# .##
#.........##....#
#<.oo.†..........
#...#.#..#.#..###
#...#.#..#?# ...#
#...###..###..###
#.....ooo.......
#...###@.###..# #
##..#..)...#....#
#..###..###..###
##..............
#.###..###..###
#.# #..#.#..# #
#.#.#..#.#.)#.#..
#...............#
#######..<...###


You could see an orc wizard and 2 orcs.

Vanquished Creatures
  Jessica (D:2)
  An adder (D:1)
  A worm (D:2)
  A dart slug (D:1)
  2 orcs (D:3)
  2 ball pythons
  5 bats (D:1)
  6 endoplasms
  2 giant cockroaches (D:1)
  2 hobgoblins (D:2)
  3 kobolds
  3 quokkas
  3 frilled lizards
  4 goblins
  4 rats
40 creatures vanquished.

Notes
Turn   | Place    | Note
-------+----------+-------------------------------------------
     0 | D:1      | jimonade the Djinni Warper began the quest for the Orb.
     0 | D:1      | jimonade set off with the following spells memorised:
                  | Blink, Lesser Beckoning, Vhi's Electric Charge, Teleport
                  | Other, Manifold Assault.
     0 | D:1      | Reached XP level 1. HP: 18/18 MP: 0/0
    92 | D:1      | Reached XP level 2. HP: 9/23 MP: 0/0
   384 | D:1      | Reached XP level 3. HP: 18/28 MP: 0/0
   384 | D:1      | Learned a level 1 spell: Magic Dart
   534 | D:1      | Reached skill level 3 in Spellcasting
  1023 | D:2      | Noticed Jessica
  1028 | D:2      | Killed Jessica
  1029 | D:2      | Reached XP level 4. HP: 25/33 MP: 0/0
  1987 | D:3      | Killed from afar by an orc wizard

Illustrated notes

Levels and vault maps discovered:
D:1:      dpeg_arrival_connections, layout_basic
D:2:      layout_loops_ring, nicolae_underground_beach, uniq_jessica
D:3:      layout_basic, serial_undead, serial_undead_e, serial_undead_e,
          serial_undead_f, serial_undead_b, chequers_ecumenical_altar_simple,
          minmay_misc_feat_nine_boxes, kennysheep_cross_bottleneck

Skill      XL: |  1  2  3 |
---------------+----------+-----
Short Blades   | 2 |  2.3
Spellcasting   | 3 |  3.2
Fighting       | |  2.3
Throwing       | |  0.7
Armour         | |  1.7
Dodging        | |  2.5

Action                     |  1- 3 |  4- 6 || total
---------------------------+-------+-------++-------
  Melee: Short sword       |   142 |       ||   142
         Punch             |     1 |       ||     1
         Club              |       |    28 ||    28
   Cast: Magic Dart        |     4 |    17 ||    21
 Armour: Leather armour    |    32 |     7 ||    39
  Dodge: Dodged            |    85 |    30 ||   115

Table legend: (Time is in decaauts)
 A = Elapsed time spent in this place.
 B = Non-inter-level travel time spent in this place.
 C = Inter-level travel time spent in this place.
 D = Time resting spent in this place.
 E = Time spent auto-exploring this place.
 F = Levels seen in this place.
 G = Mean time per level.
                   A        B        C        D        E       F      G
               +--------+--------+--------+--------+--------+-----+--------+
         Total |   1982 |   1857 |    125 |    272 |   1170 |   3 |  660.7 |
       Dungeon |   1982 |   1857 |    125 |    272 |   1170 |   3 |  660.7 |
               +--------+--------+--------+--------+--------+-----+--------+

Top non-repeatable levels by time:
     D:2: 991 daAuts
     D:1: 916 daAuts
     D:3: 74 daAuts
